 Dungeon Crawl Stone Soup version 0.30.0-5-g1a98f26d00 (webtiles) character file.

Game seed: 16699007579462664140

138711 qeuew the Severer (level 16, -1/155 HPs)
             Began as a Minotaur Fighter on May 10, 2023.
             Was the Champion of Qazlal.
             Slain by a spark wasp (5 damage)
             ... on level 3 of the Spider Nest.
             The game lasted 00:37:00 (21181 turns).

qeuew the Severer (Minotaur Fighter)               Turns: 21181, Time: 00:37:01

Health: -1/155     AC: 24    Str: 33    XL:     16   Next: 71%
Magic:  10/25      EV: 14    Int:  8    God:    Qazlal [******]
Gold:   2160       SH: 16    Dex: 19    Spells: 23/23 levels left

rFire   . . .        a - +1 war axe
rCold   . . .        c - +0 buckler
rNeg    . . .        C - +5 plate armour of Efuut {Str+2 Int+4 Dex+2}
rPois   +            (helmet restricted)
rElec   +            (no cloak)
rCorr   .            y - +2 pair of gloves
SInv    .            (no boots)
Will    ++...        q - amulet of regeneration Stlth
                     K - +4 ring of slaying
HPRegen 1.25/turn    b - +6 ring of strength
MPRegen 0.19/turn

%: repel missiles, clarity
@: spiked, protected from electricity, very slightly contaminated, slowed, very
slow
A: horns 2, retaliatory headbutt, agile 1, clarity, strong-willed 1, poison
resistance, robust 1
a: Renounce Religion, Upheaval, Elemental Force, Disaster Area


You were on level 3 of the Spider Nest.
You worshipped Qazlal.
Qazlal was exalted by your worship.
You visited 4 branches of the dungeon, and saw 21 of its levels.
You also visited: Sewer, Bailey and Ice Cave.

You collected 2257 gold pieces.
You spent 97 gold pieces at shops.

Inventory:

Hand Weapons
 a - a +1 war axe (weapon)
Missiles
 u - a throwing net
Armour
 c - a +0 buckler (worn)
 y - a +2 pair of gloves (worn)
 C - the +5 plate armour of Efuut (worn) {Str+2 Int+4 Dex+2}
   (You took it off an orc warrior on level 10 of the Dungeon)

   Str:       It affects your strength (+2).
   Int:       It affects your intelligence (+4).
   Dex:       It affects your dexterity (+2).
Jewellery
 b - a +6 ring of strength (right hand)
 p - a ring of see invisible
 q - an amulet of regeneration (around neck)
 K - a +4 ring of slaying (left hand)
 L - a ring of fire
Wands
 h - a wand of quicksilver (10) (quivered)
 o - a wand of polymorph (6)
 w - a wand of charming (5)
 F - a wand of flame (6)
 H - a wand of roots (5)
Scrolls
 f - 4 scrolls of fog
 g - 5 scrolls of enchant weapon
 m - 2 scrolls of blinking
 n - 4 scrolls of magic mapping
 s - 5 scrolls of teleportation
 x - 2 scrolls of summoning
 z - 4 scrolls of amnesia
 B - 7 scrolls of identify
 D - 3 scrolls of silence
 G - 4 scrolls of enchant armour
 I - a scroll of poison
Potions
 d - 3 potions of might
 e - 2 potions of flight
 i - 9 potions of curing
 j - 4 potions of mutation
 k - 5 potions of magic
 l - 3 potions of cancellation
 r - 3 potions of invisibility
 t - 3 potions of haste
 v - 3 potions of resistance
 A - 4 potions of ambrosia
 E - 4 potions of heal wounds
 J - a potion of brilliance


   Skills:
 + Level 12.5 Fighting
 * Level 16.9 Axes
 + Level 12.5 Armour
 + Level 10.9 Dodging
 + Level 12.5 Shields
 + Level 4.1 Spellcasting
 * Level 13.8 Invocations
 + Level 9.0 Evocations


You had 23 spell levels left.
You didn't know any spells.
Your spell library contained the following spells:

 Spells                   Type           Power      Damage    Failure   Level
 Apportation              Tloc           2%         N/A       86%         1
 Sting                    Tmut/Pois      4%         1d3       86%         1
 Cigotuvi's Dreadful Rot  Necr/Pois/Air  2%         N/A       95%         2
 Ensorcelled Hibernation  Hex/Ice        2%         N/A       95%         2
 Lesser Beckoning         Tloc           2%         N/A       95%         2
 Passwall                 Tmut/Erth      0%         N/A       95%         2
 Poisonous Vapours        Pois/Air       2%         N/A       95%         2
 Frozen Ramparts          Ice            2%         1d1       99%         3
 Gell's Gravitas          Tloc           1%         N/A       99%         3
 Ignite Poison            Fire/Tmut/Pois 1%         N/A       99%         3
 Inner Flame              Hex/Fire       1%         N/A       99%         3
 Swiftness                Air            1%         N/A       99%         3
 Teleport Other           Tloc           1%         N/A       99%         3
 Tukima's Dance           Hex            1%         N/A       99%         3
 Anguish                  Hex/Necr       0%         N/A       100%        4
 Animate Dead             Necr           1%         N/A       100%        4
 Cause Fear               Hex            0%         N/A       100%        4
 Flame Wave               Conj/Fire      1%         2d4       100%        4
 Ice Form                 Ice/Tmut       1%         N/A       100%        4
 Manifold Assault         Tloc           1%         N/A       100%        4
 Olgreb's Toxic Radiance  Pois           1%         N/A       100%        4
 Sticky Flame             Conj/Fire      1%         2d3       100%        4
 Summon Ice Beast         Ice/Summ       1%         N/A       100%        4
 Alistair's Intoxication  Tmut/Pois      0%         N/A       100%        5
 Borgnjor's Vile Clutch   Necr/Erth      0%         N/A       100%        5
 Fireball                 Conj/Fire      0%         3d3       100%        5
 Freezing Cloud           Conj/Ice/Air   0%         6-21      100%        5
 Iskenderun's Battlesphe  Conj           1%         2d6       100%        5
 Summon Forest            Summ/Tloc      0%         N/A       100%        5
 Summon Mana Viper        Hex/Summ       1%         N/A       100%        5
 Conjure Ball Lightning   Conj/Air       0%         3x3d6     100%        6
 Death Channel            Necr           0%         N/A       100%        6
 Dispersal                Tloc           0%         N/A       100%        6
 Eringya's Noxious Bog    Tmut/Pois      0%         N/A       100%        6
 Summon Cactus Giant      Summ           0%         N/A       100%        6
 Enfeeble                 Hex            0%         N/A       100%        7
 Orb of Destruction       Conj           0%         9d5       100%        7
 Disjunction              Tloc           0%         N/A       100%        8
 Fire Storm               Conj/Fire      0%         6d1       100%        9


Dungeon Overview and Level Annotations

Branches:
Dungeon (11/15)            Temple (0/1) D:5            Lair (5/5) D:11
  Swamp (0/4) Lair:2       Spider (3/4) Lair:3        Slime (0/5) Lair:4
    Orc (2/2) D:11            Elf (0/3) Orc:2         Sewer (visited)
 Bailey (visited)           IceCv (visited)

Altars:
Ashenzari
Dithmenos
Fedhas
Hepliaklqana
Makhleb
Qazlal
Ru
Uskayaw
Vehumet
Yredelemnul
Jiyva

Shops:
D:3 :   Orc:2 ?(!(:

Annotations:
D:5 2 transporters, dialectric's ghost, amateur DsFi
D:10 exclusion: ice statue


Innate Abilities, Weirdness & Mutations

You have a pair of horns on your head.
You reflexively headbutt those who attack you in melee.
You are agile. (Dex +4, Str/Int -1)
You possess an exceptional clarity of mind.
You are strong-willed. (Will+)
Your system is resistant to poisons. (rPois)
You are robust. (+10% HP)


Message History

The spark wasp stings you! The spark wasp shocks you!
Your resistance to cold fades away.
You feel protected from electricity.
* * * LOW HITPOINT WARNING * * *
A torpor snail comes into view.
Being near the torpor snail leaves you feeling lethargic.
The steelbarb worm hits you!
* * * LOW HITPOINT WARNING * * *
Barbed spikes become lodged in your body.
Activating: Disaster Area (1% risk of failure)
Press: ? - help, Dir - look around, f - activate Nature churns violently around you!
The cutting wind hits the demonic crawler!!!
The demonic crawler is almost dead.
The cutting wind hits the steelbarb worm!
The steelbarb worm is heavily wounded.
The cutting wind hits the wolf spider simulacrum!!
The wolf spider simulacrum is almost destroyed.
The blast of ice hits the wolf spider simulacrum!!
The wolf spider simulacrum partially resists.
The wolf spider simulacrum vaporises!
The cutting wind hits the torpor snail!
The torpor snail is moderately wounded.
The blast of magma engulfs the radroach!
You kill the radroach!
Qazlal accepts your kill.
A freezing mist starts to gather...
A radroach simulacrum comes into view.
The spark wasp stings you!
* * * LOW HITPOINT WARNING * * *
The spark wasp shocks you. You resist.
You feel more protected from electricity.
* * * LOW HITPOINT WARNING * * *
The hornet is caught in a web!
A hornet comes into view.
The spark wasp stings you!
* * * LOW HITPOINT WARNING * * *
The spark wasp shocks you. You resist.
You feel more protected from electricity.
You die...

.. ..^.. .#....##
y......## w.....#.. ##
##§§≈...# ...
##§§§..###.
...######§sw≈....$.
..^^..##..☼@○≈§.§..
#......○.y.≈#..^.
#########.§....#Z°# #
#...#.#.≈.≈§####≈.^#
#.$^..##≈≈.....#≈≈<#
####....)≈[#....#...#
#..###...###.#..#....#
#..........###..#...##
#.....^#^.##^# .#


You could see a steelbarb worm (soul bound), a spark wasp (soul bound), a torpor
snail (soul bound), a demonic crawler, a hornet (soul bound, webbed) and a
radroach simulacrum.

Vanquished Creatures
  2 acid blobs (Lair:4)
  Agnes (Spider:2)
  Kirke (Lair:3)
  A frost giant (IceCv)
  A ghost moth (Spider:2)
  3 emperor scorpions
  The ghost of PerfectTommy the Severer, a journeyman MiFi of Okawaru (Orc:2)
  The ghost of SeerSkye the Severer, a journeyman MiFi of Gozag (Orc:2)
  The ghost of bungle the Fighter, a journeyman MiBe of Trog (D:10)
  2 spark wasps
  An entropy weaver (Spider:3)
  7 hydras
  A centaur warrior (D:8)
  3 catoblepae
  3 radroaches
  5 boulder beetles
  6 death yaks (IceCv)
  3 orc high priests (Orc:2)
  Amaemon (D:8)
  2 skysharks (Lair:5)
  6 pharaoh ants
  4 orb spiders
  An obsidian statue (D:11)
  2 steelbarb worms
  The ghost of Kazon the Conjurer, a novice DrCj of Okawaru (D:6)
  5 orc knights
  6 wolf spiders
  2 ugly things
  An oklob plant (D:11)
  3 orc sorcerers (Orc:2)
  A cyclops (D:8)
  2 moths of wrath (Spider:1)
  Maurice (D:11)
  6 elephants (Lair:5)
  The ghost of SeerSkye the Chopper, a novice MiFi (D:5)
  8 demonic crawlers
  A gargoyle (Bailey)
  An ice statue (IceCv)
  6 black mambas
  2 torpor snails (Spider:2)
  An orange demon (D:8)
  19 cane toads
  Maggie (D:8)
  12 rime drakes
  13 komodo dragons
  An efreet (D:8)
  A queen bee (D:10)
  A meliai (Spider:3)
  3 trolls
  11 tarantellas (Spider:2)
  11 polar bears
  4 hornets (Lair:5)
  14 dream sheep
  13 blink frogs
  A slime creature (Lair:4)
  8 culicivoras
  A wraith (D:8)
  6 wyverns
  22 jumping spiders
  A shadow (D:11)
  3 hogs (Lair:3)
  11 spriggans (Lair:5)
  2 vampires
  75 yaks
  3 basilisks
  23 redbacks
  2 steam dragons (D:7)
  4 acid dragons
  19 water moccasins
  A swamp drake (D:11)
  6 black bears
  30 orc warriors
  2 sky beasts
  5 ogres
  The ghost of mattengel8991 the Shooter, an amateur MiHu (D:6)
  31 wolves
  5 boggarts (Lair:5)
  A centaur (D:11)
  2 kobold brigands
  12 bullfrogs
  A gnoll sergeant (D:9)
  A scorpion (D:4)
  3 wights (D:8)
  30 killer bees
  2 howler monkeys
  5 vampire bats (Bailey)
  10 wolf zombies (Bailey)
  A centaur zombie (D:5)
  6 hounds
  6 jellies
  20 orc priests
  4 iguanas
  29 orc wizards
  A hound zombie (D:5)
  Robin (D:3)
  3 gnolls (D:9)
  11 adders
  3 river rats
  12 white imps (Lair:2)
  An ufetubus (D:5)
  4 worms
  94 orcs
  5 ball pythons
  16 endoplasms
  5 giant cockroaches
  14 goblins
  9 hobgoblins
  13 kobolds
  3 quokkas
  9 bats
  5 frilled lizards
  20 orc zombies (Bailey)
  5 rats
840 creatures vanquished.

Vanquished Creatures (others)
  A polar bear (Lair:5)
1 creature vanquished.

Grand Total: 841 creatures vanquished

Notes
Turn   | Place    | Note
-------+----------+-------------------------------------------
     0 | D:1      | qeuew the Minotaur Fighter began the quest for the Orb.
     0 | D:1      | Reached XP level 1. HP: 19/19 MP: 0/0
   325 | D:1      | Reached XP level 2. HP: 27/27 MP: 1/1
   427 | D:1      | Found a faded altar of an unknown god.
   676 | D:1      | Reached skill level 3 in Axes
  1332 | D:2      | Found a basalt altar of Yredelemnul.
  1337 | D:2      | Reached XP level 3. HP: 27/33 MP: 2/2
  1433 | D:2      | Reached skill level 1 in Dodging
  1919 | D:3      | Noticed a black bear
  1927 | D:3      | Killed a black bear
  1928 | D:3      | Reached skill level 4 in Axes
  1928 | D:3      | Reached XP level 4. HP: 28/41 MP: 3/3
  1928 | D:3      | Reached XP level 5. HP: 32/47 MP: 4/4
  2006 | D:3      | Found a burning altar of Makhleb.
  2007 | D:3      | Found a stormy altar of Qazlal.
  2008 | D:3      | Found a radiant altar of Vehumet.
  2012 | D:3      | Found a sacrificial altar of Ru.
  2012 | D:3      | Found a hide-covered altar of Uskayaw.
  2013 | D:3      | Found a blossoming altar of Fedhas.
  2032 | D:3      | Became a worshipper of Qazlal Stormbringer
  2055 | D:3      | Found Pohongic's Book Boutique.
  2463 | D:3      | Noticed Robin
  2473 | D:3      | Killed Robin
  2541 | D:3      | Gained mutation: You occasionally shout uncontrollably at
                  | your foes. [potion of mutation]
  2541 | D:3      | Gained mutation: You occasionally lose the ability to read
                  | scrolls when taking damage. [potion of mutation]
  2832 | D:4      | Reached * piety under Qazlal
  2833 | D:4      | Reached XP level 6. HP: 53/53 MP: 5/5
  2936 | D:4      | Reached skill level 1 in Invocations
  2977 | D:4      | Reached skill level 5 in Axes
  3492 | D:5      | Entered Level 5 of the Dungeon
  3513 | D:5      | You fall into a shaft and drop 2 floors!
  3528 | D:7      | Reached skill level 5 in Fighting
  3557 | D:7      | Noticed a wyvern
  3564 | D:7      | Killed a wyvern
  3565 | D:7      | Reached skill level 5 in Armour
  3565 | D:7      | Reached skill level 5 in Shields
  3565 | D:7      | Reached XP level 7. HP: 27/61 MP: 7/7
  3684 | D:7      | Noticed a steam dragon
  3695 | D:7      | Killed a steam dragon
  3696 | D:7      | Reached skill level 1 in Evocations
  3833 | D:7      | Reached skill level 6 in Axes
  3918 | D:6      | Reached XP level 8. HP: 30/69 MP: 9/9
  4181 | D:6      | Reached skill level 7 in Axes
  4196 | D:6      | Found a glowing drain.
  4207 | Sewer    | Entered a sewer
  4354 | Sewer    | Reached ** piety under Qazlal
  4502 | Sewer    | Found a viscous altar of Jiyva.
  4554 | Sewer    | Lost mutation: You occasionally shout uncontrollably at
                  | your foes. [potion of mutation]
  4554 | Sewer    | Lost mutation: You occasionally lose the ability to read
                  | scrolls when taking damage. [potion of mutation]
  4554 | Sewer    | Gained mutation: You are robust. (+10% HP) [potion of
                  | mutation]
  4554 | Sewer    | Gained mutation: Your system is resistant to poisons.
                  | (rPois) [potion of mutation]
  4554 | Sewer    | Gained mutation: You possess an exceptional clarity of
                  | mind. [potion of mutation]
  4554 | Sewer    | Gained mutation: You have hidden genetic potential. [potion
                  | of mutation]
  4682 | D:5      | Found a transporter.
  4685 | D:5      | Noticed dialectric's ghost (amateur DsFi)
  4696 | D:5      | Found a staircase to the Ecumenical Temple.
  4728 | D:5      | Found a runed translucent gate.
  4728 | D:5      | Found a runed translucent gate.
  4728 | D:5      | Found a runed translucent gate.
  4728 | D:5      | Noticed SeerSkye's ghost (novice MiFi)
  4730 | D:5      | Found a basalt altar of Yredelemnul.
  4757 | D:5      | Killed SeerSkye's ghost
  4758 | D:5      | Reached XP level 9. HP: 61/82 MP: 11/11
  4878 | D:5      | Found a transporter.
  5285 | D:6      | Found a runed translucent gate.
  5285 | D:6      | Found a runed translucent gate.
  5286 | D:6      | Found a runed translucent gate.
  5288 | D:6      | Noticed mattengel8991's ghost (amateur MiHu)
  5288 | D:6      | Noticed Kazon's ghost (novice DrCj)
  5597 | D:6      | Reached skill level 5 in Invocations
  5669 | D:6      | Reached skill level 8 in Axes
  5849 | D:6      | Killed mattengel8991's ghost
  5851 | D:6      | Killed Kazon's ghost
  5864 | D:6      | Gained mutation: You are agile. (Dex +4, Str/Int -1)
                  | [hidden potential]
  6211 | D:7      | Reached *** piety under Qazlal
  6413 | D:8      | Noticed a centaur warrior
  6416 | D:8      | Noticed Maggie
  6424 | D:8      | Reached skill level 5 in Dodging
  6424 | D:8      | Killed a centaur warrior
  6425 | D:8      | Reached skill level 9 in Axes
  6425 | D:8      | Reached XP level 10. HP: 16/94 MP: 13/13
  6427 | D:8      | Killed Maggie
  6535 | D:8      | Noticed Amaemon
  6540 | D:8      | Noticed an orange demon
  6559 | D:8      | Killed Amaemon
  6568 | D:8      | Killed an orange demon
  6569 | D:8      | Gained mutation: You are strong-willed. (Will+) [hidden
                  | potential]
  6569 | D:8      | Lost mutation: You have hidden genetic potential. [hidden
                  | potential expressed]
  6705 | D:8      | Found a broken altar of Ashenzari.
  6803 | D:8      | Noticed a cyclops
  6810 | D:8      | Killed a cyclops
  6898 | D:8      | Found a shadowy altar of Dithmenos.
  6899 | D:8      | Found a hazy altar of Hepliaklqana.
  7130 | D:8      | Reached skill level 10 in Axes
  7470 | D:9      | Reached XP level 11. HP: 101/103 MP: 15/15
  7816 | D:9      | Found a flagged portal.
  7825 | D:9      | Identified the +9 halberd "Buykol" {drain, rF+ rC+}
  7828 | Bailey   | Entered a bailey
  7940 | Bailey   | Reached **** piety under Qazlal
  8045 | Bailey   | Identified the +0 leather armour of the Cricket {Dex+3}
  8236 | D:9      | Noticed a catoblepas
  8244 | D:9      | Killed a catoblepas
  8245 | D:9      | Reached skill level 5 in Evocations
  8276 | D:9      | Reached ***** piety under Qazlal
  8602 | D:10     | Entered Level 10 of the Dungeon
  8663 | D:10     | Reached skill level 11 in Axes
  9229 | D:10     | Found a runed translucent gate.
  9229 | D:10     | Identified the +5 plate armour of Efuut {Str+2 Int+4 Dex+2}
  9230 | D:10     | Found a runed translucent gate.
  9242 | D:10     | Found a runed translucent gate.
  9613 | D:10     | Identified the +6 chain mail "Hoil" {Fly}
  9614 | D:10     | Noticed bungle's ghost (journeyman MiBe)
  9861 | D:10     | Killed bungle's ghost
 10003 | D:11     | Noticed a red ugly thing
 10005 | D:11     | Noticed a boulder beetle
 10016 | D:11     | Killed a red ugly thing
 10017 | D:11     | Reached XP level 12. HP: 74/114 MP: 17/17
 10021 | D:11     | Killed a boulder beetle
 10141 | D:11     | Noticed Maurice
 10150 | D:11     | Killed Maurice
 10327 | D:11     | Found a staircase to the Lair.
 10658 | Lair:1   | Entered Level 1 of the Lair of Beasts
 10669 | Lair:1   | Reached skill level 12 in Axes
 10698 | Lair:1   | You fall into a shaft and drop 1 floor!
 10701 | Lair:2   | Found a staircase to the Swamp.
 10710 | Lair:2   | Noticed an eight-headed hydra
 10719 | Lair:2   | Killed an eight-headed hydra
 10761 | Lair:2   | Found a frozen archway.
 10776 | IceCv    | Entered an ice cave
 10789 | IceCv    | Noticed a death yak
 10801 | IceCv    | Killed a death yak
 10882 | IceCv    | Noticed a death yak
 10892 | IceCv    | Killed a death yak
 10896 | IceCv    | Reached skill level 10 in Invocations
 10964 | IceCv    | Noticed a death yak
 10965 | IceCv    | Noticed a frost giant
 11027 | IceCv    | Noticed a death yak
 11041 | IceCv    | Killed a death yak
 11104 | IceCv    | Noticed a death yak
 11106 | IceCv    | Noticed a death yak
 11111 | IceCv    | Killed a death yak
 11113 | IceCv    | Reached skill level 13 in Axes
 11117 | IceCv    | Killed a death yak
 11118 | IceCv    | Reached XP level 13. HP: 118/124 MP: 19/19
 11191 | IceCv    | Killed a frost giant
 11192 | IceCv    | Reached skill level 10 in Fighting
 11198 | IceCv    | Reached skill level 10 in Armour
 11198 | IceCv    | Reached skill level 10 in Shields
 13007 | Lair:2   | Reached skill level 14 in Axes
 13007 | Lair:2   | Reached skill level 1 in Spellcasting
 13007 | Lair:2   | Reached XP level 14. HP: 134/134 MP: 21/21
 13017 | Lair:3   | Noticed Kirke
 13024 | Lair:3   | Noticed a sphinx
 13032 | Lair:3   | Killed Kirke
 13324 | Lair:3   | Found a hole to the Spider Nest.
 13822 | Lair:3   | Identified the ring "Lefik" {rElec rF+ Str+5 Dex-5}
 14275 | Lair:4   | Reached XP level 15. HP: 138/141 MP: 22/22
 14363 | Lair:4   | Found a runed translucent door.
 14367 | Lair:4   | Found a viscous altar of Jiyva.
 14368 | Lair:4   | Noticed an acid blob
 14369 | Lair:4   | Found a staircase to the Slime Pits.
 14369 | Lair:4   | Noticed an acid blob
 14476 | Lair:4   | Killed an acid blob
 14940 | Lair:4   | Killed an acid blob
 15131 | Lair:5   | Entered Level 5 of the Lair of Beasts
 15145 | Lair:5   | Reached skill level 15 in Axes
 15555 | Lair:5   | Reached skill level 10 in Dodging
 15915 | Lair:5   | Reached ****** piety under Qazlal
 16722 | D:11     | Found a staircase to the Orcish Mines.
 16772 | Orc:1    | Entered Level 1 of the Orcish Mines
 17139 | Orc:2    | Entered Level 2 of the Orcish Mines
 17244 | Orc:2    | Found Tokkemitoy's Vocational Training.
 17523 | Orc:2    | Found a runed translucent gate.
 17523 | Orc:2    | Found a runed translucent gate.
 17523 | Orc:2    | Found a runed translucent gate.
 17525 | Orc:2    | Noticed SeerSkye's ghost (journeyman MiFi)
 17706 | Orc:2    | Found Gecinio's Weapon Shoppe.
 17706 | Orc:2    | Found Miatet's Magic Scroll Shop.
 17708 | Orc:2    | Found Ziqegyick's Weapon Shoppe.
 17708 | Orc:2    | Found Valaec's Distillery.
 17720 | Orc:2    | Bought a scroll of magic mapping for 97 gold pieces
 17894 | Orc:2    | Found a staircase to the Elven Halls.
 17941 | Orc:2    | Noticed PerfectTommy's ghost (journeyman MiFi)
 17968 | Orc:2    | Killed PerfectTommy's ghost
 17969 | Orc:2    | Reached skill level 16 in Axes
 17971 | Orc:2    | Killed SeerSkye's ghost
 18021 | Orc:2    | Got the Handbook of Cursed Fire
 18236 | Spider:1 | Entered Level 1 of the Spider Nest
 18245 | Spider:1 | Reached XP level 16. HP: 152/152 MP: 24/24
 19199 | Spider:1 | You fall into a shaft and drop 1 floor!
 19342 | Spider:2 | Noticed Agnes
 19352 | Spider:2 | Killed Agnes
 21181 | Spider:3 | HP: 4/155 [spark wasp (8)]
 21181 | Spider:3 | Slain by a spark wasp

Illustrated notes

Levels and vault maps discovered:
D:1:      psy_arrival_heroes, layout_loops_corners,
          ebering_ecumenical_altar_sacrificial, minmay_misc_feat_room,
          roderic_serpentine_path
D:2:      layout_basic, basic_altar
D:3:      layout_loops_cross, grunt_temple_overflow_open, serial_shops,
          nicolae_book_shop_shelving, uniq_robin
D:4:      kennysheep_spiral_hall, layout_rooms, minmay_misc_feat_alley,
          chequers_big_river, nrook_mini_vaults, hangedman_decor_opposing
D:5:      layout_basic, nicolae_yredelemnul_ghost_church,
          minmay_temple_entry_stoned_glass, gammafunk_ghost_mausoleum
D:6:      layout_loops_cross, portal_sewer_entry_b, gammafunk_ghost_cemetery
D:7:      layout_gridville
D:8:      layout_loops_ring, riverfiend_overflow_shadow_ancestor,
          kennysheep_mini_moat, kb_rosetta, uniq_psyche, uniq_maggie,
          uniq_amaemon
D:9:      layout_loops_ring, enter_bailey_2
D:10:     layout_loops_corners, biasface_ghost_orc_armoury, serial_bayou_pond_a,
          minivault_15, minivault_7
D:11:     layout_basic, dpeg_oklobed_lair, erik_orc_1,
          minmay_misc_feat_diagonals, minivault_16, hangedman_decor_growths,
          uniq_maurice
Lair:1:   layout_cave_pods, minivault_11, grunt_forest_small_clearings,
          minivault_19, st_stairs_3, serial_bayou_crossing, grunt_megastairs_3
Lair:2:   layout_chaotic_city, swamp_mist, portal_ice_cave_entry_imps,
          beast_lair_carwin_6
Lair:3:   layout_cave_pods, dummy_spider_entry, st_stairs_9,
          serial_bayou_shore_b, grunt_megastairs_4, uniq_kirke
Lair:4:   layout_small_grid, slime_entry_2
Lair:5:   minmay_lair_end_enchanted_forest, layout_cave_pods, st_stairs_10,
          hangedman_lair_unloving_vines
Spider:1: layout_chambers
Spider:2: layout_chambers, hangedman_spider_tarantella_strand, uniq_agnes
Spider:3: nicolae_spider_corner
Orc:1:    layout_diamond_mine
Orc:2:    grunt_orc_tribal_feast, layout_caves, gammafunk_ghost_cemetery,
          nicolae_shop_vocational

Skill      XL: |  1  2  3  4  5  6  7  8  9 10 11 12 13 14 15 16 |
---------------+-------------------------------------------------+-----
Axes           | 3 4 5 6 7 9 10 11 13 14 16 | 16.9
Armour         | 4 5 6 7 8 9 10 11 12 | 12.5
Dodging        | 1 2 3 4 5 6 7 8 9 10 | 10.9
Fighting       | 4 5 6 7 9 10 11 12 | 12.5
Shields        | 4 5 6 7 8 9 10 11 12 | 12.5
Invocations    | 2 3 4 6 7 8 10 11 13 | 13.8
Evocations     | 1 2 3 4 5 6 7 8 9 |  9.0
Spellcasting   | 1 3 4 |  4.1

Action                     |  1- 3 |  4- 6 |  7- 9 | 10-12 | 13-15 | 16-18 || total
---------------------------+-------+-------+-------+-------+-------+-------++-------
  Melee: War axe           |    76 |    87 |   236 |   658 |   802 |   383 ||  2242
         Headbutt          |    12 |    15 |    39 |   163 |   226 |   121 ||   576
 Invoke: Upheaval          |       |       |       |     5 |     2 |       ||     7
         Disaster Area     |       |       |       |     2 |     6 |     2 ||    10
  Evoke: Wand              |       |       |       |       |    10 |       ||    10
    Use: Potion            |     6 |     2 |     2 |     4 |     2 |       ||    16
         Scroll            |     2 |     4 |    10 |     1 |     5 |       ||    22
   Stab: Invisible         |       |       |       |     4 |       |       ||     4
         Distracted        |       |       |       |     1 |       |       ||     1
 Armour: Scale mail        |    38 |    20 |    81 |    59 |       |       ||   198
         Gold dragon scale |       |       |       |    91 |       |       ||    91
         Plate armour      |       |       |       |    60 |   309 |   165 ||   534
  Dodge: Dodged            |    33 |    52 |    93 |   231 |   313 |   155 ||   877
         Repelled          |       |       |       |     7 |    12 |     1 ||    20
  Block: Buckler           |    20 |    13 |    89 |   370 |   504 |   290 ||  1286
